Map: Tokamak LE

Players

STZsOs (sOs)

  • Race: Protoss Protoss
  • Spawn Location: 1:00

Shino - Winner!

  • Race: Zerg Zerg
  • Spawn Location: 7:00

Event: HomeStory Cup XXVII

VOD

Have the link to the VOD?

Description

Time

  • Played on: June 28, 2025, 11:47 a.m.
  • Length: 13:11

All games in this series

Show
View Real Time Build Order
Export as new Build Order

STZsOs Protoss 

Build Orders: 1 Gate Expand, Oracle Opening 

Get SALT Encoding   

  12  0:00  Probe  
  13  0:12  Probe  
  14  0:19  Pylon  
  14  0:24  Probe  
  15  0:33  Probe  
  15  0:41  Probe  
  15  0:42  Gateway  
  17  0:52  Probe  
  17  0:53  Assimilator  
  19  1:04  Probe  
  19  1:16  Probe  
  20  1:28  Nexus  
  20  1:38  Cybernetics Core  
  20  1:42  Probe  
  21  1:49  Assimilator  
  21  1:54  Probe  
  21  1:57  Pylon  
  22  2:05  Adept  
  22  2:06  Probe  
  25  2:18  Probe  
  25  2:20  Stargate  
  26  2:27  Warp Gate  
  26  2:30  Probe  
  26  2:35  Adept  
  29  2:37  Probe  
  29  2:42  Probe  
  31  2:45  Probe  
  32  2:54  Oracle, Probe  
  32  2:57  Probe  
  33  3:05  Adept  
  39  3:07  Probe  
  40  3:17  Pylon  
  40  3:18  Probe  
  40  3:19  Probe  
  42  3:25  Gateway  
  42  3:31  Oracle  
  45  3:37  Probe x2  
  47  3:49  Probe x2  
  49  4:01  Probe x2  
  50  4:09  Oracle  
  53  4:11  Shield Battery  
  53  4:16  Adept  
  49  4:21  Pylon, Stalker  
  51  4:28  Nexus  
  51  4:33  Probe x2  
  51  4:35  Pylon  
  51  4:38  Pylon  
  53  4:43  Nexus  
  53  4:45  Probe x2  
  54  4:52  Adept  
  56  4:53  Adept  
  56  4:57  Probe x2  
  59  5:03  Forge  
  59  5:06  Twilight Council  
  59  5:09  Probe x2  
  59  5:12  Adept  
  59  5:13  Adept  
  65  5:17  Assimilator  
  65  5:21  Probe, Assimilator  
  65  5:23  Probe  
  67  5:33  Probe  
  68  5:37  Protoss Ground Weapons Level 1, Probe  
  68  5:38  Shield Battery  
  68  5:42  Adept x2  
  73  5:45  Probe  
  72  5:51  Probe  
  72  5:55  Blink  
  70  5:57  Probe  
  70  5:58  Gateway, Probe  
  70  5:59  Gateway  
  72  6:05  Stalker x2  
  72  6:10  Probe x3  
  79  6:17  Shield Battery  
  79  6:18  Probe x3  
  82  6:26  Probe x2  
  82  6:27  Templar Archives  
  82  6:28  Probe, Stalker  
  82  6:29  Pylon  
  87  6:36  Probe x2  
  89  6:47  Stalker  
  89  6:49  Probe x3  
  89  6:51  Assimilator  
  89  6:52  Assimilator  
  94  6:55  Gateway  
  94  6:56  Photon Cannon  
  94  6:57  Gateway  
  94  6:58  Stalker x2  
  98  7:05  Psionic Storm  
  98  7:09  Probe  
  99  7:23  Pylon  
  99  7:24  High Templar  
  99  7:26  Gateway  
  99  7:29  Gateway  
  101  7:32  Gateway  
  101  7:34  Pylon  
  101  7:35  Pylon, Stalker  
  101  7:36  Pylon  
  101  7:41  Stalker x2  
  101  7:43  Probe  
  106  7:45  Cybernetics Core  
  106  7:51  Stalker  
  108  7:53  Protoss Ground Armor Level 1  
  108  7:55  High Templar  
  108  7:56  Gateway  
  110  8:00  Charge  
  110  8:01  Photon Cannon  
  110  8:02  Stalker  
  110  8:04  Stalker x2  
  116  8:12  Photon Cannon  
  116  8:14  Robotics Facility  
  116  8:27  Stalker x3, Sentry  
  117  8:31  Stalker  
  125  8:38  Probe x3  
  103  8:46  Probe x3  
  93  8:48  High Templar  
  93  8:54  Probe x3  
  98  8:56  Photon Cannon  
  101  9:03  Pylon  
  101  9:05  High Templar  
  101  9:06  Probe x3  
  101  9:09  High Templar  
  102  9:18  Probe x3  
  102  9:20  Stalker x2  
  97  9:30  Probe x2  
  97  9:31  Immortal, Probe  
  88  9:32  Photon Cannon  
  88  9:34  Shield Battery  
  88  9:36  Assimilator  
  88  9:37  High Templar  
  90  9:42  Probe  
  90  9:43  Probe x2  
  97  9:47  Zealot  
  97  9:48  Zealot x3  
  103  9:55  Probe, Archon  
  103  9:58  Immortal, Zealot x3  
  94  10:14  High Templar  
  94  10:15  Nexus  
  96  10:21  Zealot  
  96  10:24  High Templar  
  96  10:27  Photon Cannon  
  100  10:30  Immortal  
  100  10:36  Probe x2  
  100  11:02  High Templar  
  102  11:05  Pylon  
  102  11:10  Immortal  
  104  11:21  Zealot x3  
  104  11:29  Archon  
  102  11:34  High Templar x2  
  98  11:40  Immortal  
  98  11:44  Zealot x2  
  98  11:45  Zealot x3  
  104  11:49  Probe  
  104  11:51  Archon  
  99  11:57  Zealot  
  85  12:05  High Templar x3  
  91  12:18  Zealot x4  
  91  12:19  Zealot  
  91  12:21  Pylon  
  101  12:24  Immortal  
  105  12:45  Zealot x3  
  102  12:52  High Templar  
  102  12:53  Stalker x2  
  102  12:54  Stalker x2  
Show
View Real Time Build Order
Export as new Build Order

Shino Zerg - Winner!

Build Orders: Hatch First 

Get SALT Encoding   

  12  0:00  Drone  
  13  0:13  Overlord  
  13  0:17  Drone  
  14  0:31  Drone x2  
  16  0:50  Drone, Hatchery  
  16  0:55  Drone  
  17  0:58  Drone  
  18  1:09  Extractor  
  17  1:13  Spawning Pool  
  17  1:15  Drone  
  17  1:20  Drone  
  18  1:29  Drone  
  19  1:40  Drone  
  20  1:52  Overlord  
  20  1:59  Queen  
  22  2:02  Queen  
  22  2:03  Zergling x4  
  26  2:13  Drone x2  
  28  2:18  Metabolic Boost  
  28  2:22  Drone  
  29  2:24  Drone  
  30  2:33  Drone  
  30  2:34  Drone  
  32  2:43  Hatchery  
  31  2:44  Zergling x2  
  31  2:49  Zergling x2  
  33  2:54  Overlord  
  33  2:55  Drone  
  34  2:59  Queen  
  36  3:11  Overlord  
  36  3:13  Queen  
  36  3:16  Zergling x2  
  36  3:17  Zergling x2  
  36  3:18  Drone x2  
  42  3:21  Drone  
  42  3:23  Drone  
  44  3:35  Drone x2, Queen  
  44  3:39  Drone  
  49  3:46  Spore Crawler x2  
  49  3:47  Drone x3  
  50  3:55  Zergling x8  
  50  3:57  Drone x2  
  55  4:08  Drone x4  
  54  4:14  Drone  
  54  4:15  Drone x3  
  56  4:19  Drone  
  57  4:24  Spore Crawler  
  57  4:25  Drone, Evolution Chamber  
  57  4:26  Drone  
  57  4:35  Overlord  
  57  4:40  Drone  
  55  4:46  Overlord x2  
  52  4:54  Zergling x12  
  57  5:07  Zergling x6  
  57  5:08  Drone x4  
  64  5:14  Queen  
  64  5:15  Drone x2  
  64  5:16  Drone  
  64  5:19  Drone  
  64  5:21  Drone  
  71  5:26  Drone x3  
  71  5:27  Baneling Nest  
  71  5:28  Drone  
  74  5:35  Spore Crawler  
  73  5:36  Overlord x2  
  73  5:37  Drone  
  73  5:40  Overlord  
  74  5:44  Overlord  
  74  5:54  Drone x9  
  82  5:57  Lair  
  82  6:00  Drone, Hatchery  
  82  6:01  Drone  
  82  6:03  Drone  
  85  6:09  Drone x4, Extractor x2  
  85  6:13  Drone  
  85  6:15  Drone x2  
  85  6:16  Drone  
  85  6:17  Evolution Chamber  
  85  6:18  Drone x4  
  92  6:19  Extractor  
  92  6:21  Extractor x2  
  92  6:24  Drone  
  90  6:29  Overlord  
  90  6:34  Zergling x10  
  90  6:38  Zergling x4  
  95  6:43  Zergling x2  
  95  6:44  Hatchery  
  91  6:50  Zerg Melee Weapons Level 1  
  91  6:54  Zergling x14  
  98  7:02  Zergling x2  
  98  7:03  Zergling x8  
  98  7:08  Queen x3  
  107  7:11  Overlord x2  
  107  7:12  Hatchery  
  108  7:19  Centrifugal Hooks, Hydralisk Den  
  107  7:23  Overlord x2  
  107  7:25  Zergling x12  
  113  7:35  Zergling x10  
  117  7:43  Zergling x16  
  121  7:45  Overseer  
  121  7:49  Zergling x2  
  118  7:52  Muscular Augments  
  118  7:57  Overlord x2  
  118  8:02  Overlord  
  118  8:03  Hydralisk x4  
  126  8:06  Baneling x5  
  126  8:07  Hydralisk, Baneling  
  126  8:09  Baneling x7  
  126  8:11  Overlord x2  
  126  8:12  Hydralisk x2  
  132  8:18  Hydralisk x2  
  136  8:26  Zergling x10  
  137  8:35  Zergling x12  
  135  8:43  Hydralisk x2, Baneling x14  
  135  8:44  Zergling x2  
  135  8:45  Zergling x2  
  135  8:46  Baneling  
  135  8:47  Baneling x4  
  135  8:48  Baneling x2  
  137  8:49  Baneling  
  137  8:54  Baneling x7  
  138  8:55  Zergling x4, Grooved Spines  
  138  8:56  Baneling  
  139  9:04  Zergling x12  
  139  9:07  Baneling x4  
  144  9:16  Zergling x14  
  125  9:27  Zergling x20  
  125  9:29  Drone x3  
  133  9:34  Baneling  
  133  9:35  Baneling x8  
  133  9:38  Hydralisk  
  133  9:41  Hydralisk  
  130  9:54  Hydralisk  
  130  9:55  Hydralisk x5  
  132  10:05  Zergling x18  
  127  10:13  Hydralisk x3  
  127  10:14  Hydralisk  
  124  10:21  Zerg Melee Weapons Level 2  
  128  10:23  Hydralisk x2  
  128  10:28  Hydralisk x2  
  136  10:39  Zergling x10  
  141  10:49  Drone x7  
  142  10:50  Hydralisk x4  
  143  10:57  Zergling x8  
  143  11:03  Zergling x10  
  148  11:10  Zergling x12  
  153  11:11  Baneling  
  153  11:12  Baneling x2  
  153  11:13  Baneling  
  152  11:20  Zergling x12  
  144  11:35  Hydralisk x4  
  144  11:36  Hydralisk x3  
  144  11:38  Zergling x6  
  148  11:46  Hydralisk x4  
  155  11:53  Hydralisk x3  
  137  12:00  Zergling x12  
  141  12:10  Zergling x16  
  149  12:20  Infestation Pit  
  149  12:21  Hatchery  
  144  12:24  Zergling x10  
  149  12:32  Zergling x12  
  155  12:41  Hydralisk x4  
Tags
 
Add a new tag
Caveats
  • Supply blocks, unpowered buildings, or Contaminate may cause inaccurate times.
  • Supply counts are checked every 10 seconds.